 Dungeon Crawl Stone Soup version 0.31.0-11-ge490571c62 (webtiles) character file.

Game seed: 4398725176441739574

276 qw the Ducker (level 6, -1/33 HPs)
             Began as a Spriggan Hunter on Feb 5, 2024.
             Killed by nerve-wracking pain
             ... invoked by an orc priest
              (9 damage)
             ... on level 3 of the Dungeon.
             The game lasted 00:01:15 (2029 turns).

qw the Ducker (Spriggan Hunter)                     Turns: 2029, Time: 00:01:16

Health: -1/33      AC:  2    Str:  7    XL:     6   Next: 4%
Magic:  7/7        EV: 20    Int: 11    God:
Gold:   97         SH:  5    Dex: 20    Spells: 5/5 levels left

rFire   . . .        a - +0 shortbow
rCold   . . .        (shield currently unavailable)
rNeg    . . .        c - +0 robe
rPois   .            (helmet restricted)
rElec   .            (no cloak)
rCorr   .            (gloves unavailable)
SInv    +            (boots unavailable)
Will    +....        e - amulet of reflection
Stlth   ++           (no ring)
HPRegen 0.25/turn    (no ring)
MPRegen 0.10/turn

%: reflection
@: very quick
A: very small, no large weapons, unfitting armour, see invisible, speed 3
a: no special abilities


You were on level 3 of the Dungeon.
You visited 1 branch of the dungeon, and saw 3 of its levels.

You collected 97 gold pieces.


Innate Abilities, Weirdness & Mutations

You are very small and have problems with some larger weapons.
You are too small for most types of armour.
You have supernaturally acute eyesight. (SInv)
You cover ground extremely quickly. (Speed+++)


   Skills:
 - Level 3.6 Fighting
 + Level 5.0 Ranged Weapons
 - Level 5.1 Dodging
 - Level 1.5 Stealth


You had 5 spell levels left.
You didn't know any spells.
Your spell library was empty.

Inventory:

Hand Weapons
 a - a +0 shortbow (weapon)
Armour
 c - a +0 robe (worn)
Jewellery
 e - an amulet of reflection (around neck)
Scrolls
 b - 2 scrolls of identify
 f - a scroll of teleportation
Potions
 g - a potion of curing
 k - a potion of heal wounds {unknown}

Dungeon Overview and Level Annotations

Branches:
Dungeon (3/15)

Altars:
Zin


Message History

The arrow hits the goblin but does no damage.
You shoot an arrow. The arrow hits the goblin.
You kill the goblin!
An orc comes into view. It is wielding a +0 flail.
You shoot an arrow. The arrow barely misses the orc priest.
The arrow hits the orc!
You kill the orc!
An orc priest comes into view. It is wielding a +0 flail.
You shoot an arrow. The arrow hits the orc priest.
The orc priest is moderately wounded.
The orc priest looks braver for a moment.
You shoot an arrow. The arrow hits the orc priest.
The orc priest is heavily wounded.
The orc priest calls upon Beogh to heal the orc priest.
The orc priest is healed somewhat.
You shoot an arrow.
The arrow completely misses the orc priest.
You shoot an arrow.
The arrow hits the orc priest but does no damage.
The orc priest is lightly wounded.
The orc priest hits you with a +0 club.
You shoot an arrow.
The arrow hits the orc priest but does no damage.
The orc priest is lightly wounded.
The orc priest closely misses you.
You shoot an arrow.
The arrow hits the orc priest but does no damage.
The orc priest is lightly wounded.
The orc priest calls down the wrath of Beogh upon you.
Beogh smites you!
You shoot an arrow. The arrow barely misses the orc priest.
The orc priest invokes the aid of Beogh against you.
Beogh smites you! The orc priest closely misses you.
You shoot an arrow. The arrow hits the orc priest!
The orc priest is severely wounded.
The orc priest mumbles some strange prayers to Beogh against you.
Pain shoots through your body!
The orc priest mumbles some strange prayers to Beogh against you.
Pain shoots through your body!
You die...

.........# #........#
####.....# #........####
#.....# ###.##......#
#.....######.##......#
##...#...............#
#......#...............#
#......#.............###
#.......#.............#
#.......#......o@.....#
#.......#...###o###...#
.......#...# #)# #...#
##### #.# #...# .. #...#
.. ##### ... )..


You could see 2 orc priests.

Vanquished Creatures
  Sigmund (D:3)
  An orc wizard (D:3)
  An adder (D:2)
  3 dart slugs
  5 orcs (D:3)
  8 ball pythons
  8 endoplasms
  7 hobgoblins
  6 kobolds (D:1)
  A quokka (D:2)
  7 bats
  2 frilled lizards
  8 goblins
  5 rats
63 creatures vanquished.

Vanquished Creatures (others)
  A butterfly (D:3)
1 creature vanquished.

Grand Total: 64 creatures vanquished

Notes
Turn   | Place    | Note
-------+----------+-------------------------------------------
     0 | D:1      | qw the Spriggan Hunter began the quest for the Orb.
     0 | D:1      | Reached XP level 1. HP: 10/10 MP: 2/2
     0 | D:1      | 0 ||| qw: Version: 0.3-a-160-g6735b56
     0 | D:1      | 0 ||| qw: Game counter: 6288
     0 | D:1      | 0 ||| qw: Melee chars always use a shield: true
     0 | D:1      | 0 ||| qw: God list: Okawaru
     0 | D:1      | 0 ||| qw: Allow faded altars: false
     0 | D:1      | 0 ||| qw: Do Orc after clearing Dungeon:15 true
     0 | D:1      | 0 ||| qw: Do second Lair branch before Depths: true
     0 | D:1      | 0 ||| qw: Lair rune preference: random
     0 | D:1      | 0 ||| qw: Goals: Normal
     0 | D:1      | 0 ||| PLANNING D:1-11
   159 | D:1      | Reached skill level 3 in Dodging
   203 | D:1      | You fall into a shaft and drop 1 floor!
   215 | D:2      | Reached XP level 2. HP: 7/14 MP: 3/3
   331 | D:2      | Identified the +6 rapier of Fynle {venom, ^Drain Str+9
                  | Int+4}
   577 | D:2      | Reached XP level 3. HP: 18/18 MP: 4/4
   647 | D:2      | 647 ||| DROPPING scarf of shadows.
   648 | D:2      | 648 ||| UPGRADING to amulet of guardian spirit.
   653 | D:2      | 653 ||| READING scroll labelled IQYSME VIVO.
   654 | D:2      | 654 ||| READING 2 scrolls labelled SETOUS SAELURE.
   657 | D:2      | 657 ||| READING scroll labelled HEAGAPPIDIM.
   658 | D:2      | 658 ||| READING scroll labelled DAPTYG MIM AFO.
   659 | D:2      | 659 ||| READING 2 scrolls labelled COYWKA KUYVI.
   660 | D:2      | 660 ||| DROPPING scroll of butterflies.
   661 | D:2      | 661 ||| DROPPING scroll of fog.
   964 | D:1      | Found a faded altar of an unknown god.
  1374 | D:1      | 1374 ||| UPGRADING to amulet of reflection.
  1384 | D:1      | 1384 ||| DROPPING amulet of guardian spirit.
  1385 | D:1      | 1385 ||| READING 2 scrolls labelled UFA XUTTEOM.
  1386 | D:1      | 1386 ||| DRINKING 2 inky potions.
  1387 | D:1      | 1387 ||| DROPPING scroll of amnesia.
  1438 | D:2      | Reached XP level 4. HP: 22/22 MP: 5/5
  1719 | D:2      | 1719 ||| READING 3 scrolls labelled HAOPIUP NOMN.
  1719 | D:2      | 1719 ||| IDENTIFYING sedimented dark potion
  1720 | D:2      | 1720 ||| READING 2 scrolls of identify.
  1720 | D:2      | 1720 ||| IDENTIFYING bubbling puce potion
  1721 | D:2      | 1721 ||| READING scroll of identify.
  1721 | D:2      | 1721 ||| IDENTIFYING glowing grey potion
  1722 | D:2      | 1722 ||| DROPPING potion of lignification.
  1723 | D:2      | 1723 ||| DROPPING potion of invisibility.
  1724 | D:2      | 1724 ||| DROPPING potion of degeneration.
  1788 | D:3      | Found a glowing silver altar of Zin.
  1866 | D:3      | Noticed Sigmund
  1879 | D:3      | Killed Sigmund
  1880 | D:3      | Reached skill level 3 in Fighting
  1880 | D:3      | Reached XP level 5. HP: 22/29 MP: 6/6
  1880 | D:3      | Reached XP level 6. HP: 25/33 MP: 7/7
  2029 | D:3      | HP: 8/33 [orc priest/nerve-wracking pain (2)]
  2029 | D:3      | Killed from afar by an orc priest

Levels and vault maps discovered:
D:1:      minmay_arrival_widening_spiral_wide, layout_loops_ring,
          shapermc_ecumenical_altar_flowoftime, st_stairs_4, minmay_hexomino_p4
D:2:      layout_loops_ring, st_stairs_3, chequers_serial_rivers_marsh,
          kennysheep_boxes
D:3:      layout_basic, nicolae_elyvilon_peaceful_grove,
          nicolae_tso_besieged_by_evil, zin_statuary, uniq_sigmund

Skill      XL: |  1  2  3  4 |
---------------+-------------+-----
Dodging        | 4 5 |  5.1
Ranged Weapons | 5 |  5.0
Fighting       | 3 |  3.6
Stealth        | |  1.5

Action                     |  1- 3 |  4- 6 || total
---------------------------+-------+-------++-------
   Fire: Shortbow          |   114 |    62 ||   176
    Use: Scroll            |     6 |     3 ||     9
         Potion            |     1 |       ||     1
 Armour: Robe              |    13 |     3 ||    16
  Dodge: Dodged            |    21 |    19 ||    40
  Block: Other             |       |     2 ||     2

Table legend:
 A = Non-vault XP
 B = Vault XP
 C = Vault XP percentage of total XP
 D = Non-vault monster count
 E = Vault monster count
 F = Vault count percentage of total count
                 A         B        C        D         E       F
            +---------+---------+-------+---------+---------+-------
      Total |     143 |     252 |  63.8 |      56 |       7 |  11.1
            +---------+---------+-------+---------+---------+-------
        D:1 |      46 |       6 |  11.5 |      26 |       4 |  13.3
        D:2 |      32 |      15 |  31.9 |      17 |       2 |  10.5
        D:3 |      65 |     231 |  78.0 |      13 |       1 |   7.1
            +---------+---------+-------+---------+---------+-------
